 Dungeon Sprint DCSS version 0.28-a0-863-g8cecda6153 (webtiles) character file.

Game seed: 13141117720686932154

941 emperorscorpion the Thaumaturge (level 8, -1/52 HPs)
             Began as a Djinni Air Elementalist on Nov 17, 2021.
             Was a Believer of Makhleb.
             Killed by divine providence
             ... invoked by a meliai
              (9 damage)
             ... in the Dungeon (Sprint IX: "|||||||||||||||||||||||||||||").
             The game lasted 00:03:17 (459 turns).

emperorscorpion the Thaumaturge (DjAE)               Turns: 459, Time: 00:03:18

Health: -1/52      AC:  7    Str: 10    XL:     8   Next: 34%
Gold:   0          EV: 15    Int: 19    God:    Makhleb [**....] SH:  0 Dex: 17

rFire   + + .      SeeInvis .   i - +2 rapier (venom)
rCold   x . .      Faith    .   (no shield)
rNeg    . . .      Spirit   .   o - +0 troll leather armour
rPois   ∞          Reflect  .   k - +0 helmet
rElec   .          Harm     .   (no cloak)
rCorr   .          Rampage  .   j - +0 pair of gloves
Will    .....      NoTele   +   (boots unavailable)
Stlth   +++.......              (no amulet)
HPRegen 1.17/turn               m - +3 ring of strength
MPRegen 0.00/turn               n - +3 ring of dexterity

@: flying
A: sickness immunity, fire resistance 2, cold vulnerability 1, float, innate
caster, hp casting, extra vitality 1
a: Renounce Religion, Minor Destruction


You were in the Dungeon.
You worshipped Makhleb.
Makhleb was pleased with you.
You visited 1 branch

Inventory:

Hand Weapons
 i - a +2 rapier of venom (weapon)
Armour
 a - a +0 robe
 j - a +0 pair of gloves (worn)
 k - a +0 helmet (worn)
 l - a +1 chain mail
 o - a +0 troll leather armour (worn)
Jewellery
 m - a +3 ring of strength (left hand)
 n - a +3 ring of dexterity (right hand)
Wands
 h - a wand of acid (7)
Scrolls
 f - 2 scrolls of blinking
Potions
 b - 5 potions of curing
 c - 3 potions of heal wounds
 d - a potion of haste
 e - a potion of berserk rage
 g - a potion of invisibility


   Skills:
 + Level 1.1 Fighting
 * Level 6.1 Armour
 + Level 6.3 Dodging
 + Level 4.7 Stealth
 + Level 10.2 Spellcasting
 * Level 5.9 Invocations
 + Level 1.4 Evocations


You had 12 spell levels left.
You knew the following spells:

 Your Spells              Type           Power      Damage    Failure   Level
a - Shock                 Conj/Air       100%       1d9       1%          1
b - Static Discharge      Conj/Air       48%        N/A       1%          2
c - Swiftness             Air            48%        N/A       1%          3
d - Airstrike             Air            24%        N/A       1%          4
e - Slow                  Hex            100%       N/A       1%          1
f - Corpse Rot            Necr/Air       96%        N/A       1%          2
g - Blink                 Tloc           96%        N/A       1%          2
Your spell library was empty.

Dungeon Overview and Level Annotations

Branches:
Dungeon (1/1)

Altars:
Cheibriados
Dithmenos
Elyvilon
Fedhas
Gozag
Hepliaklqana
Kikubaaqudgha
Makhleb
Nemelex Xobeh
Okawaru
Qazlal
Ru
Sif Muna
Trog
Uskayaw
Vehumet
Wu Jian
Xom
Yredelemnul
Zin
The Shining One
Beogh
Jiyva
Lugonu


Innate Abilities, Weirdness & Mutations

You are immune to sickness and miasma.
You are immune to poison.
Your flesh is very heat resistant. (rF++)
You are vulnerable to cold. (rC-)
You float through the air rather than walking.
You learn spells naturally, not from books.
Your magical power is your life essence.
You have superior vitality. (+4 HP)


Message History

Something smites you!
The slime creature is engulfed in dark miasma.
The slime creature is poisoned.
The slime creature seems to slow down.
The slime creature completely misses you.
Casting: Shock (safe; 1% risk of failure)
Confirm with . or Enter, or press ? or * to list all spells.
Aiming: Shock (safe; 1% risk of failure)
Press: ? - help, Shift-Dir - straight line, f/p - slime creature
Aim: a slime creature (foul pestilence, heavily wounded, poisoned, slow, 94% to hit)
The zap hits the slime creature.
The slime creature is heavily wounded.
The zap hits the gargoyle but does no damage.
The gargoyle is lightly damaged.
The zap hits the meliai!
The meliai is heavily wounded.
The zap misses the basilisk.
Unknown command.
Casting: Shock (safe; 1% risk of failure)
Confirm with . or Enter, or press ? or * to list all spells.
Aiming: Shock (safe; 1% risk of failure)
Press: ? - help, Shift-Dir - straight line, f/p - slime creature
Aim: a slime creature (foul pestilence, heavily wounded, poisoned, slow, 94% to hit)
The zap hits the slime creature!
The slime creature is severely wounded.
The zap misses the gargoyle.
The zap misses the meliai.
The zap misses the basilisk.
The slime creature is engulfed in dark miasma.
The slime creature seems to slow down.
The slime creature hits you!
Unknown command.
The meliai invokes the aid of its god against you.
Something smites you!
* * * LOW HITPOINT WARNING * * *
The meliai calls down the wrath of its god upon you.
Something smites you!
* * * LOW HITPOINT WARNING * * *
Things that are here:
a +0 shortbow; 20 arrows The meliai mumbles some strange prayers to its god against you.
Something smites you!
You die... ▓▓▓▓▓▓▓▓▓▓▓▓▓▓▓▓▓▓▓▓▓▓▓▓▓▓▓▓▓▓ l....)ly9.J.)@......)?!'______ ▓▓▓▓▓▓▓▓▓▓▓▓▓▓▓▓▓▓▓▓▓▓▓▓▓▓▓▓▓▓

You could see a slime creature (poisoned, slow), a basilisk, a gargoyle and a meliai.

Vanquished Creatures
  A hornet (D)
  A troll (D)
  A shadow (D)
  An acid dragon (D)
  2 centaurs (D)
  A howler monkey (D)
  A jelly (D)
  An orc priest (D)
  3 orcs (D)
  A hobgoblin (D)
  A jackal (D)
  A quokka (D)
  A ball python zombie (D)
  2 bats (D)
18 creatures vanquished.

Notes
Turn   | Place    | Note
-------+----------+-------------------------------------------
     0 | D        | emperorscorpion the Djinni Air Elementalist began the quest
                  | for the Orb.
     0 | D        | Reached XP level 1. HP: 15/15 MP: 0/0
     6 | D        | Reached skill level 3 in Spellcasting
     9 | D        | Reached XP level 2. HP: 13/21 MP: 0/0
   120 | D        | Noticed a howler monkey
   125 | D        | Reached skill level 5 in Spellcasting
   125 | D        | Reached XP level 3. HP: 14/25 MP: 0/0
   125 | D        | Learned a level 1 spell: Slow
   126 | D        | Reached skill level 6 in Spellcasting
   126 | D        | Reached XP level 4. HP: 15/31 MP: 0/0
   132 | D        | Found a snail-covered altar of Cheibriados.
   132 | D        | Found a shadowy altar of Dithmenos.
   132 | D        | Found a white marble altar of Elyvilon.
   132 | D        | Found a blossoming altar of Fedhas.
   132 | D        | Found an opulent altar of Gozag.
   133 | D        | Found a hazy altar of Hepliaklqana.
   134 | D        | Found a viscous altar of Jiyva.
   136 | D        | Found a corrupted altar of Lugonu.
   137 | D        | Found a burning altar of Makhleb.
   138 | D        | Found a sparkling altar of Nemelex Xobeh.
   139 | D        | Found an iron altar of Okawaru.
   140 | D        | Found a stormy altar of Qazlal.
   141 | D        | Found a sacrificial altar of Ru.
   143 | D        | Found a bloodstained altar of Trog.
   144 | D        | Found a hide-covered altar of Uskayaw.
   145 | D        | Became a worshipper of Makhleb the Destroyer
   147 | D        | Found an ornate altar of the Wu Jian Council.
   148 | D        | Found a shimmering altar of Xom.
   149 | D        | Found a basalt altar of Yredelemnul.
   150 | D        | Found a glowing silver altar of Zin.
   151 | D        | Found a glowing golden altar of the Shining One.
   280 | D        | Noticed a troll
   280 | D        | Noticed a shadow
   280 | D        | Noticed a hornet
   280 | D        | Noticed a centaur
   283 | D        | Killed a centaur
   284 | D        | Reached skill level 7 in Spellcasting
   284 | D        | Reached XP level 5. HP: 28/35 MP: 0/0
   284 | D        | Learned a level 2 spell: Corpse Rot
   284 | D        | Reached * piety under Makhleb
   285 | D        | Reached XP level 6. HP: 33/40 MP: 0/0
   285 | D        | Killed a shadow
   286 | D        | Reached skill level 5 in Dodging
   286 | D        | Reached skill level 8 in Spellcasting
   286 | D        | Killed a hornet
   287 | D        | Reached skill level 5 in Armour
   287 | D        | Reached skill level 9 in Spellcasting
   287 | D        | Reached skill level 1 in Evocations
   287 | D        | Reached XP level 7. HP: 42/46 MP: 0/0
   287 | D        | Learned a level 2 spell: Blink
   299 | D        | Killed a troll
   299 | D        | Reached ** piety under Makhleb
   300 | D        | Reached skill level 1 in Fighting
   300 | D        | Reached skill level 5 in Invocations
   300 | D        | Reached XP level 8. HP: 28/52 MP: 0/0
   444 | D        | Noticed a basilisk
   444 | D        | Noticed a meliai
   444 | D        | Noticed a gargoyle
   444 | D        | Noticed a slime creature
   452 | D        | Reached skill level 10 in Spellcasting
   459 | D        | Killed from afar by a meliai

Illustrated notes

Levels and vault maps discovered:
D:        linesprint [early_d, line_temple, items_1, d_10, items_2, lair_1,
          lair_end, items_3, orc_1, orc_end, items_4, d_15, swamp_1, shoals_1,
          snake_1, spider_1, d_20, vaults_1, items_5, swamp_end, shoals_end,
          snake_end, spider_end, vaults_end, d_27, items_6, zot_1, zot_end,
          crypt_end, forest_end, elf_end, slime_end, tomb_end, abyss_end,
          pan_hell_end]

Skill      XL: |  1  2  3  4  5  6  7  8 |
---------------+-------------------------+-----
Spellcasting   | 3 5 6 7 9 10 | 10.2
Stealth        | 2 3 4 |  4.7
Dodging        | 3 4 5 6 |  6.3
Armour         | 2 5 6 |  6.1
Invocations    | 2 4 5 |  5.9
Evocations     | 1 |  1.4
Fighting       | 1 |  1.1

Action                   |  1- 3 |  4- 6 |  7- 9 || total
-------------------------+-------+-------+-------++-------
Melee: Rapier            |       |     1 |     1 ||     2
 Cast: Shock             |     8 |     1 |    14 ||    23
       Static Discharge  |     1 |       |     1 ||     2
       Slow              |       |       |     2 ||     2
       Corpse Rot        |       |       |     2 ||     2
       Blink             |       |       |     1 ||     1
Evoke: Wand              |       |     3 |       ||     3
 Stab: Sleeping          |       |     1 |       ||     1
Armor: Robe              |       |     1 |       ||     1
       Troll leather arm |       |       |     1 ||     1
Dodge: Dodged            |     3 |     5 |     3 ||    11

Table legend: (Time is in decaauts)
 A = Elapsed time spent in this place.
 B = Non-inter-level travel time spent in this place.
 C = Inter-level travel time spent in this place.
 D = Time resting spent in this place.
 E = Time spent auto-exploring this place.
 F = Levels seen in this place.
 G = Mean time per level.
                   A        B        C        D        E       F      G
               +--------+--------+--------+--------+--------+-----+--------+
         Total |    457 |    457 |      0 |    297 |      0 |   1 |  457.0 |
       Dungeon |    457 |    457 |      0 |    297 |      0 |   1 |  457.0 |
               +--------+--------+--------+--------+--------+-----+--------+

Top non-repeatable levels by time:
       D: 457 daAuts
